 Dungeon Crawl Stone Soup version 0.28-a0-1002-gf00fe891ef (webtiles) character file.

Game seed: 16404206751478406903

1296 Umoon the Covered (level 8, -7/61 HPs)
             Began as a Demonspawn Gladiator on Dec 6, 2021.
             Mangled by a centaur (8 damage)
             ... on level 6 of the Dungeon.
             The game lasted 00:08:10 (6890 turns).

Umoon the Covered (Demonspawn Gladiator)            Turns: 6890, Time: 00:08:16

Health: -7/61      AC:  7    Str: 16    XL:     8   Next: 31%
Magic:  8/8        EV: 12    Int: 11    God:
Gold:   354        SH:  0    Dex: 14    Spells: 7/7 levels left

rFire   . . .      SeeInvis +     - Unarmed
rCold   . . .      Faith    .   (no shield)
rNeg    . . .      Spirit   .   k - +0 ring mail
rPois   .          Reflect  .   c - +0 helmet
rElec   .          Harm     .   (no cloak)
rCorr   .          Rampage  .   (no gloves)
Will    .....                   (no boots)
Stlth   +.........              (no amulet)
HPRegen 0.20/turn               B - ring of see invisible
MPRegen 0.11/turn               (no ring)

@: no status effects
A: hooves 1, demonic guardian 2, foul stench 1, weakness stinger 1, demonic
touch 1
a: no special abilities


You were on level 6 of the Dungeon.
You visited 1 branch of the dungeon, and saw 6 of its levels.
You also visited: Ossuary.

You collected 354 gold pieces.

Inventory:

Hand Weapons
 a - a +0 rapier
 s - a +0 dagger of draining
Missiles
 d - 3 throwing nets (quivered)
Armour
 b - a +0 leather armour
 c - a +0 helmet (worn)
 k - a +0 ring mail (worn)
Jewellery
 B - a ring of see invisible (left hand)
 G - a ring of flight
Wands
 t - a wand of charming (1)
 y - a wand of iceblast (8)
Scrolls
 f - 2 scrolls of teleportation
 i - a scroll of immolation
 l - a scroll of magic mapping
 o - 2 scrolls of noise
 q - 3 scrolls of fog
 r - a scroll of blinking {unknown}
 v - 2 scrolls of torment {unknown}
 w - 2 scrolls of enchant weapon {unknown}
 x - a scroll of vulnerability {unknown}
 z - a scroll of summoning {unknown}
 A - a scroll of enchant armour {unknown}
 D - 2 scrolls of silence {unknown}
 F - a scroll of fear {unknown}
Potions
 e - 4 potions of curing
 g - 3 potions of flight
 h - 4 potions of brilliance {unknown}
 j - a potion of resistance {unknown}
 m - a potion of heal wounds {unknown}
 n - 2 potions of attraction {unknown}
 p - a potion of haste {unknown}
 u - 2 potions of mutation {unknown}
 C - 2 potions of lignification {unknown}
 E - 2 potions of degeneration {unknown}


   Skills:
 + Level 4.6 Fighting
 - Level 3.0 Short Blades
 - Level 1.7 Throwing
 * Level 5.0 Armour
 + Level 4.6 Dodging
 * Level 4.9 Unarmed Combat


You had 7 spell levels left.
You didn't know any spells.
Your spell library was empty.

Dungeon Overview and Level Annotations

Branches:
Dungeon (6/15)            Ossuary (visited)
 Temple: D:4-7

Altars:
Cheibriados

Shops:
D:5 *


Innate Abilities, Weirdness & Mutations

You have large cloven feet.
A demonic guardian rushes to your aid.
You may rarely emit foul miasma when damaged in melee.
You have a small tail.
Your touch may inflict minor irresistible damage on your foes.


Message History

No target in view!
No target in view!
No target in view!
No target in view!
No target in view!
No target in view!
You see here a sky beast corpse.
A centaur comes into view.
It is wielding the +6 trident of Huraer {speed, Fragile rCorr Str+4 Int+2}.
The centaur unwields the +6 trident of Huraer {speed, Fragile rCorr Str+4 Int+2}.
The centaur wields a +0 shortbow.
The centaur shoots an arrow.
The arrow hits you.
The centaur shoots an arrow.
The arrow hits you.
You see here an amethyst potion.
The centaur shoots an arrow.
The arrow hits you!
The centaur shoots an arrow.
The arrow closely misses you.
The centaur shoots an arrow.
The arrow hits you!
The centaur unwields a +0 shortbow.
The centaur wields the +6 trident of Huraer {speed, Fragile rCorr Str+4 Int+2}.
The centaur hits you with the +6 trident of Huraer {speed, Fragile rCorr Str+4 Int+2}!
The centaur barely misses you.
The centaur hits you with the +6 trident of Huraer {speed, Fragile rCorr Str+4 Int+2}!
* * * LOW HITPOINT WARNING * * *
The centaur kicks you but does no damage.
You are too injured to fight recklessly!
You are too injured to fight recklessly!
You are too injured to fight recklessly!
You are too injured to fight recklessly!
You are too injured to fight recklessly!
You barely miss the centaur.
The centaur hits you with the +6 trident of Huraer {speed, Fragile rCorr Str+4 Int+2}!
* * * LOW HITPOINT WARNING * * *
A demonic guardian appears!
The centaur kicks you but does no damage.
The centaur barely misses you.
The centaur kicks you but does no damage.
You swap places.
The centaur hits you with the +6 trident of Huraer {speed, Fragile rCorr Str+4 Int+2}.
* * * LOW HITPOINT WARNING * * *
The centaur kicks you but does no damage.
The centaur hits you with the +6 trident of Huraer {speed, Fragile rCorr Str+4 Int+2}!
You die...

##.#....# #........
#...#.########....###..
).........†............
#......#######....###.
##.#...# #.#!.# ###.###
#.##.# #.# #.##.# #.#
#.##.###.# #(#
#..@4....# ####c#####
#.# #.# #.. ###


You could see a centaur (ally target) and a friendly ice devil (summoned).

Vanquished Creatures
  A sky beast (D:6)
  2 kobold brigands (D:4)
  A bullfrog (D:6)
  2 scorpions
  A water moccasin skeleton (D:4)
  A howler monkey (D:3)
  A human zombie (Ossuary)
  A jelly (D:6)
  A centaur skeleton (D:5)
  4 centaur zombies (Ossuary)
  2 orc priests
  A bullfrog skeleton (D:6)
  2 iguanas
  2 orc wizards (D:6)
  A mummy (Ossuary)
  A hound skeleton (D:4)
  Robin (D:2)
  4 gnolls (D:6)
  4 adders
  A white imp (D:6)
  An ufetubus (D:6)
  4 adder zombies (Ossuary)
  3 worms
  2 dart slugs
  14 orcs
  9 endoplasms
  3 giant cockroaches
  7 goblins
  14 hobgoblins
  6 jackals
  12 kobolds
  3 quokkas (D:1)
  7 ball pythons
  2 bats (D:3)
  5 frilled lizards
  A goblin zombie (Ossuary)
  8 hobgoblin zombies (Ossuary)
  A jackal zombie (Ossuary)
  7 kobold zombies (Ossuary)
  10 orc zombies (Ossuary)
  4 rats
157 creatures vanquished.

Vanquished Creatures (collateral kills)
  A necrophage (D:5)
  An adder (D:2)
  A kobold (D:3)
3 creatures vanquished.

Grand Total: 160 creatures vanquished

Notes
Turn   | Place    | Note
-------+----------+-------------------------------------------
     0 | D:1      | Umoon the Demonspawn Gladiator began the quest for the Orb.
     0 | D:1      | Reached XP level 1. HP: 16/16 MP: 1/1
   211 | D:1      | Found a faded altar of an unknown god.
   236 | D:1      | Gained mutation: A weak demonic guardian rushes to your
                  | aid. [demonic ancestry]
   236 | D:1      | Reached XP level 2. HP: 16/22 MP: 2/2
   728 | D:2      | You fall into a shaft and drop 1 floor!
   734 | D:3      | Reached skill level 1 in Armour
   951 | D:3      | Discovered your monstrous ancestry.
   951 | D:3      | Gained mutation: You have large cloven feet. [demonic
                  | ancestry]
   951 | D:3      | Reached XP level 3. HP: 26/28 MP: 3/3
  1716 | D:2      | Gained mutation: You may rarely emit foul miasma when
                  | damaged in melee. [demonic ancestry]
  1716 | D:2      | Reached XP level 4. HP: 34/34 MP: 4/4
  1831 | D:2      | Reached skill level 1 in Unarmed Combat
  1876 | D:2      | Noticed Robin
  1894 | D:2      | Killed Robin
  2791 | D:3      | Reached skill level 2 in Armour
  3115 | D:3      | Reached XP level 5. HP: 28/41 MP: 5/5
  3870 | D:4      | Found a snail-covered altar of Cheibriados.
  4014 | D:4      | Gained mutation: A demonic guardian rushes to your aid.
                  | [demonic ancestry]
  4014 | D:4      | Reached XP level 6. HP: 46/47 MP: 6/6
  4110 | D:4      | Reached skill level 3 in Armour
  4283 | D:4      | Identified the +4 leather armour of Plog {rElec rF- Int-5
                  | SInv}
  4776 | D:5      | Entered Level 5 of the Dungeon
  5181 | D:5      | Gained mutation: Your touch may inflict minor irresistible
                  | damage on your foes. [demonic ancestry]
  5181 | D:5      | Reached XP level 7. HP: 31/52 MP: 7/7
  5303 | D:5      | Found Nofafuow's Needful Niceties.
  5599 | D:6      | Found a sand-covered staircase.
  5779 | Ossuary  | Entered an ossuary
  5954 | Ossuary  | Reached skill level 4 in Armour
  6599 | D:6      | Gained mutation: You have a small tail. [demonic ancestry]
  6599 | D:6      | Reached XP level 8. HP: 61/61 MP: 8/8
  6878 | D:6      | Reached skill level 5 in Armour
  6884 | D:6      | Identified the +6 trident of Huraer {speed, Fragile rCorr
                  | Str+4 Int+2}
  6890 | D:6      | HP: 1/61 [centaur (5)]
  6890 | D:6      | Mangled by a centaur

Illustrated notes

Levels and vault maps discovered:
D:1:      dpeg_arrival_simpleton_c, layout_basic,
          chequers_ecumenical_altar_simple
D:2:      layout_loops_ring, uniq_robin
D:3:      minmay_diamond_boxcup, layout_loops_corners, minmay_misc_feat_alley,
          minmay_strange_pillars
D:4:      cheibrodos_thug_alley, layout_loops_ring, kennysheep_slug_shrine
D:5:      layout_cave_pools, serial_column_ruins, column_ruins_columns_corner,
          column_ruins_open_large, column_ruins_open_medium,
          column_ruins_columns_straight, column_ruins_corridor_T,
          nicolae_alphabet_shops
D:6:      layout_loops_corners, lightli_ossuary_entry_decrepit_ruins

Skill      XL: |  1  2  3  4  5  6  7  8 |
---------------+-------------------------+-----
Armour         | 1 2 3 4 5 |  5.0
Short Blades   | 3 |  3.0
Dodging        | 3 4 |  4.6
Unarmed Combat | 1 2 3 4 |  4.9
Fighting       | 3 4 |  4.6
Throwing       | |  1.7

Action                   |  1- 3 |  4- 6 |  7- 9 || total
-------------------------+-------+-------+-------++-------
Melee: Rapier            |   111 |   139 |       ||   250
       Kick              |     8 |    58 |    73 ||   139
       Punch             |       |     2 |     7 ||     9
       Dagger            |       |    72 |    18 ||    90
       Unarmed           |       |       |   212 ||   212
       Touch             |       |       |    51 ||    51
       Tailslap          |       |       |     6 ||     6
  Use: Scroll            |       |       |     5 ||     5
       Potion            |       |       |     2 ||     2
 Stab: Sleeping          |     1 |       |       ||     1
Armor: Leather armour    |    21 |       |       ||    21
       Ring mail         |       |    50 |   106 ||   156
Dodge: Dodged            |    74 |   128 |   183 ||   385

Table legend: (Time is in decaauts)
 A = Elapsed time spent in this place.
 B = Non-inter-level travel time spent in this place.
 C = Inter-level travel time spent in this place.
 D = Time resting spent in this place.
 E = Time spent auto-exploring this place.
 F = Levels seen in this place.
 G = Mean time per level.
                   A        B        C        D        E       F      G
               +--------+--------+--------+--------+--------+-----+--------+
         Total |   6885 |   6806 |     79 |   1079 |   4552 |   7 |  983.6 |
       Dungeon |   6380 |   6301 |     79 |    943 |   4441 |   6 | 1063.3 |
       Ossuary |    505 |    505 |      0 |    136 |    111 |   1 |  505.0 |
               +--------+--------+--------+--------+--------+-----+--------+

Top non-repeatable levels by time:
     D:2: 1429 daAuts
     D:4: 1422 daAuts
     D:3: 1365 daAuts
     D:6: 795 daAuts
     D:1: 729 daAuts
     D:5: 638 daAuts
 Ossuary: 505 daAuts
